Map: Romanticide LE

Players

Stats - Winner!

  • Race: Protoss Protoss
  • League: Grandmaster
  • Spawn Location: 11:00

ByuN

  • Race: Terran Terran
  • Spawn Location: 5:00

Event: ASUS ROG Online 2020

VOD

Have the link to the VOD?

Description

Time

  • Played on: Nov. 27, 2020, 3:35 p.m.
  • Length: 10:35

All games in this series

Show
View Real Time Build Order
Export as new Build Order

Stats Protoss - Winner!

Build Orders: 1 Gate Expand, Phoenix Opening, Colossus Rush 

Get SALT Encoding   

  12  0:00  Probe  
  13  0:12  Probe  
  14  0:17  Pylon  
  14  0:24  Probe (Chrono Boost)  
  15  0:36  Probe (Chrono Boost)  
  15  0:37  Gateway  
  16  0:44  Probe (Chrono Boost)  
  16  0:45  Assimilator  
  17  0:51  Probe  
  18  1:03  Probe  
  19  1:15  Probe  
  20  1:24  Cybernetics Core  
  20  1:31  Nexus  
  20  1:33  Probe  
  21  1:41  Pylon  
  21  1:45  Assimilator  
  21  1:49  Probe  
  22  1:58  Adept (Chrono Boost)  
  25  2:02  Shield Battery  
  25  2:05  Probe  
  25  2:17  Probe  
  25  2:20  Stargate  
  25  2:22  Adept (Chrono Boost)  
  26  2:29  Probe  
  29  2:34  Warp Gate  
  29  2:43  Probe (Chrono Boost)  
  31  2:45  Adept  
  31  2:46  Probe (Chrono Boost)  
  34  2:52  Probe (Chrono Boost)  
  34  2:55  Probe (Chrono Boost)  
  35  2:59  Probe  
  35  3:03  Phoenix  
  35  3:05  Probe  
  39  3:12  Probe (Chrono Boost)  
  39  3:22  Probe (Chrono Boost)  
  39  3:24  Probe (Chrono Boost)  
  40  3:28  Phoenix  
  40  3:29  Gateway  
  40  3:31  Pylon, Probe x2 (Chrono Boost)  
  44  3:38  Shield Battery  
  44  3:42  Probe (Chrono Boost)  
  44  3:45  Probe (Chrono Boost)  
  46  3:49  Assimilator  
  46  3:53  Phoenix  
  46  3:54  Probe (Chrono Boost)  
  50  3:57  Probe (Chrono Boost)  
  50  3:58  Robotics Facility  
  50  4:01  Probe (Chrono Boost)  
  50  4:06  Probe  
  50  4:07  Pylon  
  52  4:12  Pylon  
  52  4:15  Probe  
  52  4:16  Assimilator  
  53  4:18  Probe  
  54  4:25  Phoenix (Chrono Boost)  
  54  4:33  Probe x2  
  56  4:45  Observer, Probe x2  
  59  4:46  Nexus  
  59  4:48  Phoenix (Chrono Boost)  
  61  4:53  Robotics Bay  
  61  4:57  Probe x2  
  61  4:59  Pylon  
  63  5:08  Phoenix  
  63  5:09  Probe  
  63  5:10  Probe  
  67  5:21  Probe  
  67  5:22  Probe  
  67  5:26  Observer (Chrono Boost)  
  67  5:27  Pylon  
  70  5:30  Twilight Council, Forge  
  70  5:33  Phoenix  
  72  5:35  Pylon  
  72  5:37  Observer  
  72  5:41  Probe x2  
  74  5:44  Colossus (Chrono Boost)  
  74  5:49  Shield Battery  
  80  5:53  Probe x2  
  82  6:03  Probe  
  83  6:05  Extended Thermal Lance, Probe x2  
  83  6:06  Gateway  
  83  6:08  Gateway  
  83  6:20  Phoenix  
  83  6:22  Probe  
  83  6:23  Probe x2  
  88  6:27  Colossus (Chrono Boost)  
  88  6:30  Gateway  
  88  6:32  Gateway  
  94  6:37  Protoss Ground Weapons Level 1 (Chrono Boost), Charge  
  92  6:40  Probe x3  
  92  6:42  Pylon  
  92  6:44  Pylon  
  95  6:49  Gateway  
  95  6:50  Gateway  
  95  6:56  Sentry, Zealot  
  99  7:02  Assimilator  
  99  7:04  Shield Battery  
  99  7:06  Shield Battery, Assimilator, Zealot x2  
  99  7:08  Shield Battery  
  103  7:12  Colossus (Chrono Boost)  
  103  7:13  Pylon  
  103  7:14  Pylon  
  109  7:21  Observer  
  109  7:22  Zealot x2  
  113  7:28  Zealot x4  
  121  7:39  Pylon  
  121  7:42  Pylon  
  121  7:48  Zealot x5  
  131  7:54  Immortal (Chrono Boost)  
  131  7:55  Zealot x3  
  133  7:58  Pylon  
  133  8:15  Zealot  
  133  8:16  Zealot x7  
  149  8:26  Immortal  
  140  8:39  Probe x3  
  125  8:44  Zealot x8  
  139  9:00  Observer  
  139  9:05  Immortal (Chrono Boost)  
  143  9:14  Forge  
  143  9:15  Sentry x2, Nexus  
  147  9:18  Templar Archives  
  147  9:25  Zealot x5  
  147  9:28  Pylon  
  156  9:40  Observer (Chrono Boost)  
  157  9:54  High Templar x2  
  157  9:55  High Templar x2  
  157  9:58  Zealot  
  157  9:59  Archon x2  
  173  10:02  Pylon  
  173  10:04  Pylon  
  173  10:06  Pylon  
  156  10:14  Zealot x3  
  128  10:23  Zealot  
  128  10:27  Zealot x4  
Show
View Real Time Build Order
Export as new Build Order

ByuN Terran 

Build Orders:  

Get SALT Encoding   

  12  0:00  SCV  
  13  0:12  SCV  
  14  0:17  Supply Depot  
  14  0:24  SCV  
  15  0:39  SCV  
  15  0:40  Barracks  
  16  0:43  Refinery  
  16  0:51  SCV  
  17  1:03  SCV  
  18  1:15  SCV  
  19  1:26  Marine  
  19  1:27  Orbital Command  
  20  1:40  Command Center  
  20  1:52  Factory  
  20  1:55  SCV  
  21  2:02  Barracks Reactor  
  21  2:03  Refinery  
  21  2:07  SCV  
  22  2:14  Supply Depot  
  22  2:19  SCV  
  23  2:36  Starport, SCV  
  24  2:38  Widow Mine, Marine x2  
  28  2:48  SCV  
  29  2:56  Marine x2  
  31  2:59  Orbital Command  
  31  3:00  SCV  
  31  3:04  Widow Mine  
  34  3:12  SCV  
  35  3:13  Medivac  
  35  3:15  Marine  
  35  3:17  Marine  
  39  3:24  Supply Depot  
  41  3:27  Widow Mine  
  41  3:31  SCV x2  
  43  3:35  Marine x2  
  45  3:44  Supply Depot, Starport Tech Lab  
  45  3:45  SCV  
  45  3:46  SCV  
  47  3:52  Factory Tech Lab  
  47  3:53  Marine x2  
  49  3:58  SCV x2  
  49  4:02  Raven  
  53  4:07  Barracks  
  53  4:10  SCV x2  
  53  4:15  Supply Depot  
  55  4:17  Siege Tank  
  55  4:19  Marine x2  
  60  4:26  SCV x2  
  58  4:36  Marine  
  58  4:37  Marine  
  60  4:38  SCV x2  
  60  4:45  Engineering Bay, Refinery  
  58  4:49  Siege Tank  
  58  4:50  SCV x2  
  63  4:54  Marine x2  
  63  4:56  Barracks  
  65  5:00  Supply Depot  
  65  5:02  SCV  
  65  5:03  Supply Depot, SCV  
  65  5:05  Starport Reactor  
  67  5:12  Stimpack  
  67  5:13  Marauder  
  69  5:15  SCV  
  69  5:17  SCV  
  69  5:22  Missile Turret  
  69  5:24  Marine x2  
  69  5:25  Supply Depot  
  71  5:31  Siege Tank, Refinery  
  71  5:34  Marauder  
  76  5:37  SCV x2  
  77  5:42  Missile Turret  
  77  5:43  Barracks Tech Lab  
  77  5:47  Terran Infantry Weapons Level 1  
  77  5:48  Supply Depot  
  77  5:49  Marine x2  
  79  5:56  Supply Depot  
  79  5:59  Marauder  
  79  6:02  Marauder  
  79  6:03  SCV x2  
  85  6:07  Siege Tank  
  85  6:08  Marine  
  89  6:12  Supply Depot  
  84  6:19  Marine  
  84  6:20  Marauder  
  84  6:23  Marauder  
  84  6:24  Medivac  
  88  6:26  SCV x2, Marine  
  91  6:33  Medivac  
  91  6:38  SCV  
  92  6:40  Marine  
  92  6:41  Marauder  
  92  6:44  Marauder, Marine  
  92  6:45  Combat Shield  
  98  6:54  SCV x2  
  98  6:58  Marine  
  101  7:02  Marine  
  101  7:03  Marauder  
  101  7:05  Viking x2  
  101  7:08  Supply Depot  
  108  7:09  Supply Depot, Marauder  
  108  7:14  SCV x2  
  112  7:15  Marine  
  112  7:17  Siege Tank  
  112  7:20  Marine  
  117  7:27  Missile Turret  
  117  7:28  Missile Turret  
  113  7:33  Marauder x2  
  115  7:37  Missile Turret  
  115  7:38  Marine  
  115  7:39  Marine  
  115  7:44  Viking  
  118  7:54  Marine  
  118  7:55  Marauder  
  118  7:56  Marine x2  
  121  8:01  Siege Tank  
  124  8:10  Missile Turret  
  124  8:12  Missile Turret, Marauder  
  126  8:16  Missile Turret  
  126  8:20  Missile Turret  
  126  8:23  Marauder, Marine x2  
  126  8:24  Concussive Shells  
  128  8:34  Marauder, Siege Tank  
  116  8:41  Marine x2  
  97  8:44  Marauder  
  101  8:55  Marauder  
  103  9:01  Marine x2  
  102  9:06  Marauder, Siege Tank, Viking  
  102  9:07  Viking  
  111  9:16  Marauder  
  113  9:19  Marine x2  
  115  9:27  Marauder  
  117  9:36  Viking  
  117  9:37  Marine x2, Viking  
  117  9:38  Marauder, Siege Tank  
  128  9:48  Marauder  
  130  9:55  Marine x2  
  130  9:59  Marauder  
  134  10:13  Marauder  
Tags
 
Add a new tag
Caveats
  • Supply blocks, unpowered buildings, or Contaminate may cause inaccurate times.
  • Supply counts are checked every 10 seconds.